cohdb
Replays
Latest Replays
All Replays
Popular Replays
Top Player Replays
Match Explorer
How It Works
Community
CoH3 Stats
Reddit
Sign in to upload your games and track your stats! →
Sign in with Steam
Match 44242362
Unlisted
Match 44242362
Overview
Messages
Build Orders
End
Panzergrenadier Squad
Kradschützen Motorcycle Team
Panzergrenadier Squad
Construct Light Support Kompanie
MG34 Team
Panzergrenadier Squad
Panzerjäger Mechanized Group
2.5-tonne Medical Truck
Forward Retreat Point
Fire Support Elements
Flakvierling Half-track
Pak 38 Mechanized Group
Selects Panzerjäger Kommand Battlegroup
Selects Tank Busters
Selects Crew Shock Tactics
Selects Anti-tank Overwatch
Pak 38 Anti-tank Gun Team
Anti-tank Overwatch
MuniekPL
Husar
SIEPACZ
Ursa Major
Nap
GramJam
0
0
Comments
sign in to comment!
No comments posted yet!